 Dungeon Crawl Stone Soup version bcrawl-1.19.1 (webtiles) character file.

Game seed: 8059124951337095351

1782 Mrkan the Fighter (level 9, -14/82 HPs)
             Began as a Hill Orc Archaeologist on Nov 26, 2019.
             Was a Priest of Elyvilon.
             Demolished by an enormous slime creature (55 damage)
             ... on level 6 of the Dungeon.
             The game lasted 00:14:54 (7251 turns).

Mrkan the Fighter (Hill Orc Archaeologist)          Turns: 7251, Time: 00:14:54

Health: -14/82     AC: 14    Str: 17    XL:     9   Next: 8%
Magic:  9/9        EV:  5    Int: 14    God:    Elyvilon [***...]
Gold:   82         SH:  8    Dex: 12    Spells: 8/8 levels left

rFire    . . .     SeeInvis .   u - +3 flail (protect)
rCold    + . .     Gourm    .   B - +0 shield
rNeg     . . .     Faith    .   p - +0 chain mail
rPois    +         Spirit   .   c - +1 hat
rElec    .         Reflect  .   (no cloak)
rCorr    .         Harm     .   (no gloves)
MR       .....                  d - +1 pair of boots
Stlth    ..........             r - amulet of regeneration
HPRegen  0.63/turn              e - ring "Omeedufeo" {rPois rC+ MR- Dex+3 Stlth-}
MPRegen  0.11/turn              E - +1 ring of protection

@: no status effects
A: no striking features
a: Lesser Healing, Heal Other, Purification, Divine Protection, Renounce
Religion


You were on level 6 of the Dungeon.
You worshipped Elyvilon.
Elyvilon was most pleased with you.
You were not hungry.

You visited 1 branch of the dungeon, and saw 6 of its levels.

You collected 426 gold pieces.
You spent 344 gold pieces at shops.

Inventory:

Hand Weapons
 f - the +7 great mace "Firestarter" {inner flame, rF++}

   It has been specially enchanted to burn those struck by it, causing extra
   injury to most foes and up to half again as much damage against particularly
   susceptible opponents.
   It greatly protects you from fire.
 j - a +0 morningstar
 u - a +3 flail of protection (weapon)
Armour
 c - a +1 hat (worn)
 d - a +1 pair of boots (worn)
 p - a +0 chain mail (worn)
 B - a +0 shield (worn)
Jewellery
 b - an uncursed ring of ice
 e - the ring "Omeedufeo" (left hand) {rPois rC+ MR- Dex+3 Stlth-}
   (You bought it in a shop on level 6 of the Dungeon)

   [ring of attention]

   It affects your dexterity (+3).
   It protects you from cold.
   It protects you from poison.
   It affects your resistance to hostile enchantments.
   It makes you less stealthy.
 k - an uncursed amulet of the gourmand
 r - an amulet of regeneration (around neck)
 E - a +1 ring of protection (right hand)
Wands
 z - a wand of polymorph (11)
 A - a wand of flame (33)
Scrolls
 i - 2 scrolls of noise
 l - 5 scrolls of identify
 n - 2 scrolls of remove curse
 o - 7 scrolls of teleportation
 s - a scroll of fog {unknown}
 t - a scroll of enchant weapon
 y - a scroll of amnesia {unknown}
 C - a scroll of blinking {unknown}
Potions
 a - a potion of lignification {unknown}
 h - 2 potions of haste
 m - 4 potions of curing
 v - a potion of might {unknown}
 w - a potion of ambrosia {unknown}
Comestibles
 g - 9 rations {!d}
 q - 5 chunks of flesh


   Skills:
 * Level 8.9 Fighting
   Level 8.9 Short Blades
   Level 8.9 Long Blades
   Level 8.9 Axes
   Level 8.9 Maces & Flails
   Level 8.9 Polearms
   Level 8.9 Staves
 + Level 7.0 Armour
 - Level 2.4 Dodging
 - Level 2.6 Stealth
 + Level 1.2 Shields
   Level 8.9 Unarmed Combat


You had 8 spell levels left.
You didn't know any spells.
Your spell library contained the following spells:

 Spells                   Type           Power        Failure   Level  Hunger
 Summon Small Mammal      Summ           #...         100%        1    ##.....
 Call Imp                 Summ           #.....       100%        2    ###....
 Call Canine Familiar     Summ           #.......     100%        3    ####...
 Summon Ice Beast         Ice/Summ       #.......     100%        4    #####..
 Summon Lightning Spire   Summ/Air       #.......     100%        5    ######.


Dungeon Overview and Level Annotations

Branches:
Dungeon (6/12)             Temple (0/1) D:4

Altars:
Dithmenos
Elyvilon
Fedhas
Qazlal
Ru
Sif Muna
Trog
Vehumet
Zin
The Shining One

Shops:
D:4 %!   D:5 *(   D:6 %=

Annotations:
D:4 2 transporters


Message History

You sock the very large slime creature!
The very large slime creature is lightly wounded.
The very large slime creature hits you but does no damage.
Two slime creatures merge to form an enormous slime creature.
You sock the large slime creature!
Your weapon exudes an aura of protection.
The large slime creature is lightly wounded.
You block the large slime creature's attack.
You barely miss the large slime creature.
The large slime creature is lightly wounded.
The large slime creature hits you!
Two slime creatures merge to form an enormous slime creature.
Your chain mail prevents you from hitting the enormous slime creature.
The enormous slime creature is lightly wounded.
You block the enormous slime creature's attack.
The slime creature quivers.
The enormous slime creature hits you!! The enormous slime creature hits you!!!
Ouch! That really hurt!
You die...

#.# #....... #J# #####.## #.# #.##
#.# ######## #.## #J# #......#
#.## #.# #......# #..# #.#
#......# ##.#
#.###############......########.#
#..........J.J.J@.......รท........
#################......#########.
#.....(# #. ######## ##


You could see an enormous slime creature and 2 slime creatures.

Vanquished Creatures
  Eustachio (D:6)
  A hungry ghost (D:6)
  Edmund (D:3)
  2 sky beasts (D:4)
  3 ogres
  2 bullfrogs
  A water moccasin skeleton (D:2)
  A scorpion (D:5)
  A crimson imp (D:6)
  2 bullfrog zombies
  An orc priest (D:6)
  A bullfrog skeleton (D:4)
  2 centaur skeletons
  4 orc wizards
  Natasha (D:4)
  An iguana (D:5)
  2 worker ants
  8 gnolls
  6 adders
  A shadow imp (D:4)
  An ooze (D:1)
  An adder skeleton (D:4)
  2 adder zombies
  2 worms
  2 dart slugs
  4 leopard geckos
  18 orcs
  14 bats
  A giant cockroach (D:1)
  8 goblins
  10 hobgoblins
  7 jackals
  7 frilled lizards
  9 kobolds
  A leopard gecko skeleton (D:4)
  A quokka skeleton (D:4)
  2 rats
132 creatures vanquished.

Notes
Turn   | Place    | Note
-------+----------+-------------------------------------------
     0 | D:1      | Mrkan the Hill Orc Archaeologist began the quest for the
                  | Orb.
     0 | D:1      | Reached XP level 1. HP: 15/15 MP: 1/1
   138 | D:1      | Reached skill level 1 in Fighting
   338 | D:1      | Reached XP level 2. HP: 23/23 MP: 2/2
   429 | D:1      | Reached skill level 1 in Armour
   866 | D:1      | Reached XP level 3. HP: 28/29 MP: 3/3
   951 | D:1      | Reached skill level 2 in Fighting
  1635 | D:2      | Reached skill level 3 in Fighting
  1635 | D:2      | Reached XP level 4. HP: 20/38 MP: 4/4
  1807 | D:2      | Found a white marble altar of Elyvilon.
  1918 | D:2      | Became a worshipper of Elyvilon the Healer
  2186 | D:2      | Found a shimmering blue altar of Sif Muna.
  2297 | D:3      | Found a shadowy altar of Dithmenos.
  2365 | D:2      | Reached skill level 4 in Fighting
  2365 | D:2      | Reached XP level 5. HP: 14/46 MP: 5/5
  2974 | D:3      | Reached skill level 5 in Fighting
  3267 | D:3      | Reached * piety under Elyvilon
  3355 | D:3      | Noticed an ogre
  3520 | D:3      | Killed an ogre
  3520 | D:3      | Reached XP level 6. HP: 9/57 MP: 6/6
  3786 | D:3      | Found a stormy altar of Qazlal.
  3959 | D:3      | Found a glowing golden altar of the Shining One.
  3965 | D:3      | Reached skill level 6 in Fighting
  4083 | D:3      | Found a glowing golden altar of the Shining One.
  4311 | D:4      | Found Atasoqut's Distillery.
  4330 | D:4      | Bought a potion of curing for 39 gold pieces
  4337 | D:4      | Found a transporter.
  4338 | D:4      | Noticed Edmund
  4342 | D:4      | Noticed Natasha
  4633 | D:3      | Killed Edmund
  4633 | D:3      | Reached XP level 7. HP: 38/64 MP: 7/7
  5062 | D:4      | Found a staircase to the Ecumenical Temple.
  5167 | D:4      | Reached ** piety under Elyvilon
  5218 | D:4      | Killed Natasha
  5218 | D:4      | Reached skill level 7 in Fighting
  5218 | D:4      | Reached skill level 5 in Armour
  5224 | D:4      | Reached XP level 8. HP: 38/73 MP: 8/8
  5566 | D:4      | Found Xublyvan's Food Boutique.
  5566 | D:4      | Found a radiant altar of Vehumet.
  5593 | D:4      | Found a transporter.
  5774 | D:4      | Found a sacrificial altar of Ru.
  5824 | D:5      | Entered Level 5 of the Dungeon
  5886 | D:5      | Found a bloodstained altar of Trog.
  6119 | D:5      | Found Coheso Rihu's Antique Weapon Emporium.
  6284 | D:5      | Reached skill level 8 in Fighting
  6454 | D:5      | Found Zin's Purification Station.
  6456 | D:5      | Found a glowing silver altar of Zin.
  6753 | D:6      | Found Osomip's Food Emporium.
  6764 | D:6      | Noticed Eustachio
  6767 | D:6      | Found a blossoming altar of Fedhas.
  6777 | D:6      | Killed Eustachio
  6905 | D:6      | Found Caqo's Jewellery Shop.
  6911 | D:6      | Bought the ring "Omeedufeo" {rPois rC+ MR- Dex+3 Stlth-}
                  | for 305 gold pieces
  6945 | D:6      | Reached *** piety under Elyvilon
  7024 | D:6      | Reached XP level 9. HP: 78/82 MP: 9/9
  7030 | D:6      | Reached skill level 1 in Shields
  7251 | D:6      | Demolished by an enormous slime creature

Skill      XL: |  1  2  3  4  5  6  7  8  9 |
---------------+----------------------------+-----
Fighting       | 1 3 4 5 6 7 8 |  8.9
Armour         | 1 2 3 4 5 6 7 |  7.0
Shields        | 1 |  1.2
Short Blades   | |  8.9
Long Blades    | |  8.9
Axes           | |  8.9
Maces & Flails | |  8.9
Polearms       | |  8.9
Staves         | |  8.9
Dodging        | |  2.4
Stealth        | |  2.6
Unarmed Combat | |  8.9

Action                   |  1- 3 |  4- 6 |  7- 9 || total
-------------------------+-------+-------+-------++-------
Melee: Whip              |   218 |    89 |       ||   307
       Punch             |     1 |     2 |       ||     3
       Flail             |       |   188 |    71 ||   259
       Great mace        |       |       |   106 ||   106
  Use: Scroll            |       |     1 |     5 ||     6
  Eat: Chunk             |     2 |    10 |    10 ||    22
Armor: Robe              |    38 |       |       ||    38
       Chain mail        |   133 |   217 |   130 ||   480
Dodge: Dodged            |   136 |   107 |    50 ||   293
Block: Shield            |       |       |    22 ||    22
